 Dungeon Crawl Stone Soup version 0.28-a0-1087-gf3fc490d9d (console) character file.

Game seed: 13811789105815574081

56 jejorda2 the Slasher (level 3, -2/31 HPs)
             Began as a Palentonga Berserker on Dec 10, 2021.
             Was a Believer of Trog.
             Slain by Crazy Yiuf (11 damage)
             ... on level 2 of the Dungeon.
             The game lasted 00:04:48 (1578 turns).

jejorda2 the Slasher (Palentonga Berserker)         Turns: 1578, Time: 00:04:48

Health: -2/31      AC:  5    Str: 22    XL:     3   Next: 69%
Magic:  3/3        EV:  9    Int:  7    God:    Trog [**....]
Gold:   78         SH:  5    Dex:  9    Spells: 2/2 levels left

rFire   . . .      SeeInvis +   a - +0 falchion
rCold   . . .      Faith    .   (no shield)
rNeg    . . .      Spirit   .   d - +0 ring mail
rPois   .          Reflect  +   (no helmet)
rElec   .          Harm     .   (no cloak)
rCorr   .          Rampage  .   (no gloves)
Will    .....                   (no barding)
Stlth   ..........              j - amulet of reflection
HPRegen 0.10/turn               (no ring)
MPRegen 0.08/turn               (no ring)

@: lethally poisoned (-2 -> -6)
A: large, rugged brown scales 3, see invisible, deformed body, roll 1, armoured
tail
a: Rolling Charge, Renounce Religion, Berserk, Trog's Hand


You were on level 2 of the Dungeon.
You worshipped Trog.
Trog was pleased with you.
You visited 1 branch of the dungeon, and saw 2 of its levels.

You collected 78 gold pieces.

Inventory:

Hand Weapons
 a - a +0 falchion (weapon)
Missiles
 c - 58 stones
Armour
 d - a +0 ring mail (worn)
 g - a +0 chain mail
Jewellery
 j - an amulet of reflection (around neck)
Scrolls
 e - a scroll of blinking {unknown}
 f - a scroll of identify {unknown}
 i - a scroll of noise {unknown}
 k - a scroll of fear {unknown}
 l - a scroll of enchant armour {unknown}
Potions
 b - 2 potions of haste {unknown}
 h - a potion of lignification {unknown}


   Skills:
 + Level 3.4 Fighting
 * Level 3.9 Long Blades
 + Level 2.1 Armour
 - Level 1.5 Dodging


You had 2 spell levels left.
You didn't know any spells.
Your spell library was empty.

Dungeon Overview and Level Annotations

Branches:
Dungeon (2/15)

Altars:

Annotations:
D:2 Crazy Yiuf


Innate Abilities, Weirdness & Mutations

You are completely covered in rugged brown scales. (AC +3, +7% HP)
You have supernaturally acute eyesight. (SInv)
Armour fits poorly on your strangely shaped body.
You can roll at nearby foes to attack.
You have a long armoured tail.


Message History

Trog accepts your kill.
No target in view!
No target in view!
You see here a +0 dagger.
l - a scroll labelled IVVUUW HIAH A kobold comes into view.
It is wielding a +0 dagger.
The kobold shouts!
You roll forward with a clatter of scales!
You barely miss the kobold. The kobold completely misses you.
You closely miss the kobold. The kobold hits you but does no damage.
The kobold hits you with a +0 dagger.
You hit the kobold.
You kill the kobold!
Trog accepts your kill.
No target in view!
Items here: ) †.
You slash the fungus!
The fungus begins to die.
You tail-slap the fungus!
The fungus is lightly damaged.
You slash the fungus!
The fungus is lightly damaged.
You slash the fungus!
The fungus is lightly damaged.
A nearby fungus withers and dies.
Found a mace.
Found a runed translucent door.
Crazy Yiuf shouts!
Crazy Yiuf twirls on the spot.
You fail to use your ability.
Crazy Yiuf waves his quarterstaff at you.
As you open the door, it creaks loudly!
Crazy Yiuf says, "Liver verde toodlewoodle!"
You hit Crazy Yiuf but do no damage.
Crazy Yiuf hits you with a +2 quarterstaff of chaos.
You are poisoned.
You closely miss Crazy Yiuf.
You feel sick.
Crazy Yiuf hits you with a +2 quarterstaff of chaos!
Crazy Yiuf freezes you.
You hit Crazy Yiuf but do no damage.
You feel sick.
Crazy Yiuf cries, "You leg down broken song, no?"
Crazy Yiuf hits you with a +2 quarterstaff of chaos!
You die...

###.#.# #..###.###.#.#
###)#.#####..###.###.#.##########
.................................
##.##.###########################
##.##.# ......# ##.#### ###
###### ##.# #)..### ##P...####
##.####### #...g@####PP......#
...†.....# #...##..#.P....##)####
.#.####### ### ###.#.#..###.....
.....# ######## ###### .###.#
######### .# #.# ####
#########........ .###.####..#
#.......########. ...........#
#.......# #.
.#.#####..#######.......# #.


You could see Crazy Yiuf.

Vanquished Creatures
  An adder (D:2)
  A dart slug (D:1)
  4 bats (D:1)
  7 endoplasms
  2 giant cockroaches
  3 goblins (D:2)
  4 hobgoblins
  2 jackals (D:1)
  3 ball pythons (D:2)
  3 frilled lizards
  6 kobolds
  4 rats
40 creatures vanquished.

Vanquished Creatures (others)
  A fungus (D:2)
1 creature vanquished.

Grand Total: 41 creatures vanquished

Notes
Turn   | Place    | Note
-------+----------+-------------------------------------------
     0 | D:1      | jejorda2 the Palentonga Berserker began the quest for the
                  | Orb.
     0 | D:1      | Reached XP level 1. HP: 19/19 MP: 1/1
   170 | D:1      | Reached XP level 2. HP: 19/25 MP: 2/2
   485 | D:1      | Found a faded altar of an unknown god.
   724 | D:2      | Reached XP level 3. HP: 31/31 MP: 3/3
   842 | D:2      | Reached ** piety under Trog
  1570 | D:2      | Found a runed translucent door.
  1571 | D:2      | Noticed Crazy Yiuf
  1578 | D:2      | Slain by Crazy Yiuf

Illustrated notes

Levels and vault maps discovered:
D:1:      dpeg_arrival_arbitrary_c, layout_rooms,
          shapermc_ecumenical_altar_ellora
D:2:      layout_loops_ring, uniq_crazy_yiuf_cottage

Skill      XL: |  1  2 |
---------------+-------+-----
Armour         | 2 |  2.1
Fighting       | |  3.4
Long Blades    | |  3.9
Dodging        | |  1.5

Action                   || total
-------------------------++-------
Melee: Falchion          ||    91
       Tailslap          ||     8
Invok: Berserk           ||     2
 Abil: Rolling Charge    ||    24
Armor: Ring mail         ||    26
Dodge: Dodged            ||    28

Table legend: (Time is in decaauts)
 A = Elapsed time spent in this place.
 B = Non-inter-level travel time spent in this place.
 C = Inter-level travel time spent in this place.
 D = Time resting spent in this place.
 E = Time spent auto-exploring this place.
 F = Levels seen in this place.
 G = Mean time per level.
                   A        B        C        D        E       F      G
               +--------+--------+--------+--------+--------+-----+--------+
         Total |   1617 |   1595 |     22 |     67 |   1188 |   2 |  808.5 |
       Dungeon |   1617 |   1595 |     22 |     67 |   1188 |   2 |  808.5 |
               +--------+--------+--------+--------+--------+-----+--------+

Top non-repeatable levels by time:
     D:1: 813 daAuts
     D:2: 803 daAuts
